MLB
ST. LOUIS CARDINALS @ CINCINNATI REDS
09/02/2098
 
TOP OF THE 1ST
St. Louis Cardinals batting - Pitching for Cincinnati Reds : RHP Israel Castillo
Pitching: RHP Israel Castillo
Batting: RHB Gabe Vega 0-0: Ground out 4-3 (Groundball, 4S, EV 79.4 MPH)
Batting: RHB Ryan Collier 0-0: Swinging Strike
0-1: Foul Ball, location: 2F
0-2: Ball
1-2: Foul Ball, location: 5DF
1-2: Ball
2-2: Ball
3-2: Foul Ball, location: 9LSF
3-2: Fly out, F9 (Line Drive, 9, EV 97.5 MPH)
Batting: SHB Bryan Smolka 0-0: Foul Ball, location: 7LDF
0-1: Ball
1-1: Swinging Strike
1-2: Strikes out looking
Top of the 1st over - 0 runs, 0 hits, 0 errors, 0 left on base; St. Louis 0 - Cincinnati 0
BOTTOM OF THE 1ST
Cincinnati Reds batting - Pitching for St. Louis Cardinals : RHP Rich Siegel
Pitching: RHP Rich Siegel
Batting: LHB Jonathan Nelson 0-0: Foul Ball, location: 2F
0-1: Ground out 4-3 (Groundball, 34D, EV 105.6 MPH)
Batting: RHB Earl Boivin 0-0: Called Strike
0-1: Ball
1-1: Swinging Strike
1-2: SINGLE (Line Drive, 34, EV 94.4 MPH)
Batting: LHB Steve Carbone 0-0: Ball
1-0: Foul Ball, location: 7LDF
1-1: Ball
2-1: Fielders Choice at 2nd, 3-6 (Groundball, 3, EV 105.0 MPH)
Batting: RHB Tim Mercer 0-0: Ball
Wild Pitch!
Steve Carbone to second
1-0: Foul Ball, location: 2F
1-1: Called Strike
1-2: Ball
2-2: Ball
3-2: Ground out U3 (Groundball, 34, EV 77.5 MPH)
Bottom of the 1st over - 0 runs, 1 hit, 0 errors, 1 left on base; St. Louis 0 - Cincinnati 0
TOP OF THE 2ND
St. Louis Cardinals batting - Pitching for Cincinnati Reds : RHP Israel Castillo
Batting: LHB Jeremiah Ford 0-0: Swinging Strike
0-1: Called Strike
0-2: Ball
1-2: Strikes out swinging
Batting: LHB Jonathan Steben 0-0: Ball
1-0: Ball
2-0: Called Strike
2-1: Fly out, F7 (Flyball, 78M, EV 86.9 MPH)
Batting: LHB Brandon Corter 0-0: Ball
1-0: Ball
2-0: Ground out 1-3 (Groundball, 13, EV 71.3 MPH)
Top of the 2nd over - 0 runs, 0 hits, 0 errors, 0 left on base; St. Louis 0 - Cincinnati 0
BOTTOM OF THE 2ND
Cincinnati Reds batting - Pitching for St. Louis Cardinals : RHP Rich Siegel
Batting: SHB Jamie Moore 0-0: Called Strike
0-1: Fly out, F3 (Line Drive, 34, EV 70.0 MPH)
Batting: RHB B.J. Illiano 0-0: Ground out 6-3 (Groundball, 6, EV 85.6 MPH)
Batting: RHB Erik Schmidt 0-0: Ball
1-0: Foul Ball, location: 3F
1-1: Foul Ball, location: 2F
1-2: Ball
2-2: Fly out, F8 (Flyball, 8RM, EV 95.6 MPH)
Bottom of the 2nd over - 0 runs, 0 hits, 0 errors, 0 left on base; St. Louis 0 - Cincinnati 0
TOP OF THE 3RD
St. Louis Cardinals batting - Pitching for Cincinnati Reds : RHP Israel Castillo
Batting: LHB Brett Rinehart 0-0: Fly out, F9 (Flyball, 9LS, EV 82.5 MPH)
Batting: RHB Brodie Herian 0-0: Called Strike
0-1: Ball
1-1: Foul Ball, location: 23F
1-2: Ball
2-2: Ground out 6-3 (Groundball, 6, EV 89.4 MPH)
Batting: RHB Jason Rush 0-0: Called Strike
0-1: Swinging Strike
0-2: Foul Ball, location: 2F
0-2: Ball
1-2: Strikes out swinging
Top of the 3rd over - 0 runs, 0 hits, 0 errors, 0 left on base; St. Louis 0 - Cincinnati 0
BOTTOM OF THE 3RD
Cincinnati Reds batting - Pitching for St. Louis Cardinals : RHP Rich Siegel
Batting: RHB Ricky Correa 0-0: Called Strike
0-1: Ball
1-1: Swinging Strike
1-2: Fly out, F7 (Flyball, 7, EV 81.9 MPH)
Batting: SHB Greg Jenniferl 0-0: Called Strike
0-1: Ball
1-1: Called Strike
1-2: Strikes out looking
Batting: LHB Jonathan Nelson 0-0: Ball
1-0: Foul Ball, location: 2F
1-1: Ground out U3 (Groundball, 3, EV 86.3 MPH)
Bottom of the 3rd over - 0 runs, 0 hits, 0 errors, 0 left on base; St. Louis 0 - Cincinnati 0
TOP OF THE 4TH
St. Louis Cardinals batting - Pitching for Cincinnati Reds : RHP Israel Castillo
Batting: RHB Gabe Vega 0-0: Bunt missed!
0-1: Ball
1-1: Called Strike
1-2: Ground out 6-3 (Groundball, 56, EV 89.4 MPH)
Batting: RHB Ryan Collier 0-0: Called Strike
0-1: Ball
1-1: SINGLE (Line Drive, 7S, EV 102.5 MPH)
Batting: SHB Bryan Smolka 0-0: Swinging Strike
0-1: Swinging Strike
0-2: Foul Ball, location: 2F
0-2: Ball
1-2: Strikes out swinging
Batting: LHB Jeremiah Ford 0-0: Ball
1-0: Called Strike
1-1: Called Strike
1-2: Foul Ball, location: 2F
1-2: Ball
2-2: Strikes out swinging
Top of the 4th over - 0 runs, 1 hit, 0 errors, 1 left on base; St. Louis 0 - Cincinnati 0
BOTTOM OF THE 4TH
Cincinnati Reds batting - Pitching for St. Louis Cardinals : RHP Rich Siegel
Batting: RHB Earl Boivin 0-0: Called Strike
0-1: Ground out 5-3 (Groundball, 5L, EV 81.3 MPH)
Batting: LHB Steve Carbone 0-0: Ball
1-0: Ball
2-0: Ball
3-0: Called Strike
3-1: Base on Balls
Batting: RHB Tim Mercer 0-0: Swinging Strike
0-1: Foul Ball, location: 2F
0-2: Ball
1-2: Foul Ball, location: 2F
1-2: Hit by Pitch
Steve Carbone to second
Batting: SHB Jamie Moore 0-0: Called Strike
0-1: Ball
1-1: Fly out, F7 (Line Drive, 7, EV 85.0 MPH)
Lined into DP, 7-4 (Line Drive, 7, EV 85.0 MPH)
Bottom of the 4th over - 0 runs, 0 hits, 0 errors, 1 left on base; St. Louis 0 - Cincinnati 0
TOP OF THE 5TH
St. Louis Cardinals batting - Pitching for Cincinnati Reds : RHP Israel Castillo
Batting: LHB Jonathan Steben 0-0: SINGLE (Flyball, 4D, EV 95.0 MPH)
Batting: LHB Brandon Corter 0-0: Fly out, F6 (Popup, 6MS, EV 71.9 MPH)
Batting: LHB Brett Rinehart 0-0: Swinging Strike
0-1: Ball
1-1: Ball
2-1: Swinging Strike
2-2: Fly out, F7 (Flyball, 7D, EV 85.6 MPH)
Batting: RHB Brodie Herian 0-0: Ball
1-0: Ball
2-0: Fielders Choice at 2nd, 6-4 (Groundball, 6, EV 93.8 MPH)
Top of the 5th over - 0 runs, 1 hit, 0 errors, 1 left on base; St. Louis 0 - Cincinnati 0
BOTTOM OF THE 5TH
Cincinnati Reds batting - Pitching for St. Louis Cardinals : RHP Rich Siegel
Batting: RHB B.J. Illiano 0-0: Swinging Strike
0-1: Swinging Strike
0-2: Ball
1-2: Strikes out swinging
Batting: RHB Erik Schmidt 0-0: Foul Ball, location: 25F
0-1: Ball
1-1: Foul Ball, location: 2F
1-2: Ball
2-2: Strikes out swinging
Batting: RHB Ricky Correa 0-0: Foul Ball, location: 2F
0-1: Called Strike
0-2: Ground out 5-3 (Groundball, 56, EV 78.8 MPH)
Bottom of the 5th over - 0 runs, 0 hits, 0 errors, 0 left on base; St. Louis 0 - Cincinnati 0
TOP OF THE 6TH
St. Louis Cardinals batting - Pitching for Cincinnati Reds : RHP Israel Castillo
Batting: RHB Jason Rush 0-0: Ball
1-0: Called Strike
1-1: Ground out 6-3 (Groundball, 6MS, EV 83.1 MPH)
Batting: RHB Gabe Vega 0-0: Ball
1-0: Foul Ball, location: 25F
1-1: Foul Ball, location: 2F
1-2: Strikes out swinging
Batting: RHB Ryan Collier 0-0: Ball
1-0: Ball
2-0: SINGLE (Line Drive, 4D, EV 98.1 MPH)
Pitching: LHP Leon Estevez
Batting: SHB Bryan Smolka 0-0: Called Strike
0-1: Swinging Strike
0-2: Ball
1-2: Strikes out swinging
Top of the 6th over - 0 runs, 1 hit, 0 errors, 1 left on base; St. Louis 0 - Cincinnati 0
BOTTOM OF THE 6TH
Cincinnati Reds batting - Pitching for St. Louis Cardinals : RHP Rich Siegel
Batting: SHB Greg Jenniferl 0-0: Ball
1-0: Ball
2-0: SINGLE (Flyball, 5D, EV 93.8 MPH)
Batting: LHB Jonathan Nelson 0-0: Called Strike
0-1: Called Strike
0-2: SINGLE (Groundball, 34D, EV 103.8 MPH)
Greg Jenniferl to second
Runner from 2nd tries for 3rd, SAFE, no throw by RF
Batting: RHB Earl Boivin 0-0: Swinging Strike
0-1: Foul Ball, location: 5FF
0-2: DOUBLE (Flyball, 8RXD, EV 103.8 MPH)
Greg Jenniferl scores
Jonathan Nelson to third
Batting: LHB Steve Carbone 0-0: Intentional Walk
Batting: RHB Tim Mercer 0-0: Ball
1-0: Called Strike
1-1: SINGLE (Line Drive, 7LM, EV 101.9 MPH)
Jonathan Nelson scores
Earl Boivin to third
Steve Carbone to second
Runner from 3rd tries for Home, SAFE, throw by LF to home
Batting: SHB Jamie Moore 0-0: Called Strike
0-1: Ball
1-1: Called Strike
1-2: Foul Ball, location: 3FF
1-2: Strikes out swinging
Batting: RHB B.J. Illiano 0-0: Grounds into double play, 4-6-3 (Groundball, 4, EV 83.1 MPH)
Bottom of the 6th over - 3 runs, 4 hits, 0 errors, 1 left on base; St. Louis 0 - Cincinnati 3
TOP OF THE 7TH
St. Louis Cardinals batting - Pitching for Cincinnati Reds : LHP Leon Estevez
Batting: LHB Jeremiah Ford 0-0: Ground out 5-3 (Groundball, 56, EV 104.4 MPH)
Batting: RHB Jayden Whaley 0-0: Swinging Strike
0-1: Ball
1-1: Called Strike
1-2: Ball
2-2: Fly out, F6 (Flyball, 4MD, EV 90.0 MPH)
Batting: LHB Brandon Corter 0-0: Ball
1-0: Called Strike
1-1: Foul Ball, location: 3SF
1-2: Foul Ball, location: 3FF
1-2: Strikes out swinging
Top of the 7th over - 0 runs, 0 hits, 0 errors, 0 left on base; St. Louis 0 - Cincinnati 3
BOTTOM OF THE 7TH
Cincinnati Reds batting - Pitching for St. Louis Cardinals : RHP Rich Siegel
Batting: RHB Erik Schmidt 0-0: Ball
1-0: Ball
2-0: Ground out 6-3 (Groundball, 6M, EV 102.5 MPH)
Batting: RHB Ricky Correa 0-0: Called Strike
0-1: Ball
1-1: Fly out, F6 (Popup, 6MS, EV 62.5 MPH)
Batting: SHB Greg Jenniferl 0-0: Swinging Strike
0-1: Swinging Strike
0-2: Ball
1-2: Foul Ball, location: 2F
1-2: Strikes out swinging
Bottom of the 7th over - 0 runs, 0 hits, 0 errors, 0 left on base; St. Louis 0 - Cincinnati 3
TOP OF THE 8TH
St. Louis Cardinals batting - Pitching for Cincinnati Reds : LHP Leon Estevez
Batting: LHB Brett Rinehart 0-0: Called Strike
0-1: Ground out 4-3 (Groundball, 4, EV 88.1 MPH)
Batting: RHB Brodie Herian 0-0: Swinging Strike
0-1: Fly out, F7 (Flyball, 7LM, EV 92.5 MPH)
Batting: RHB Jason Rush 0-0: Ball
1-0: SOLO HOME RUN (Flyball, 7D, EV 104.4 MPH), Distance : 396 ft
Batting: RHB Gabe Vega 0-0: Ball
1-0: Foul Ball, location: 2F
1-1: Called Strike
1-2: Strikes out looking
Top of the 8th over - 1 run, 1 hit, 0 errors, 0 left on base; St. Louis 1 - Cincinnati 3
BOTTOM OF THE 8TH
Cincinnati Reds batting - Pitching for St. Louis Cardinals : RHP Rich Siegel
Batting: LHB Jonathan Nelson 0-0: Swinging Strike
0-1: Swinging Strike
0-2: Strikes out swinging, 2-3 out at first.
Batting: RHB Earl Boivin 0-0: Called Strike
0-1: Foul Ball, location: 9LSF
0-2: Foul Ball, location: 2F
0-2: Ball
1-2: Ball
2-2: Foul Ball, location: 3F
2-2: Ball
3-2: Strikes out looking
Batting: LHB Steve Carbone 0-0: Ball
1-0: Foul Ball, location: 5F
1-1: Called Strike
1-2: Fly out, F7 (Flyball, 7D, EV 110.6 MPH)
Bottom of the 8th over - 0 runs, 0 hits, 0 errors, 0 left on base; St. Louis 1 - Cincinnati 3
TOP OF THE 9TH
St. Louis Cardinals batting - Pitching for Cincinnati Reds : LHP Leon Estevez
Batting: RHB Ryan Collier 0-0: Ball
1-0: Called Strike
1-1: Swinging Strike
1-2: DOUBLE (Flyball, 89D, EV 96.9 MPH)
Pinch Hitting: RHB Jeff Saxton 0-0: Swinging Strike
0-1: Ball
1-1: Ball
2-1: Ball
3-1: Foul Ball, location: 2F
3-2: Strikes out swinging
Batting: LHB Jeremiah Ford 0-0: Called Strike
0-1: Called Strike
0-2: Ball
1-2: Strikes out swinging
Pitching: LHP Paul Edler
Batting: RHB Jayden Whaley 0-0: Foul Ball, location: 5F
0-1: Ground out 1-3 (Groundball, 13, EV 72.5 MPH)
Top of the 9th over - 0 runs, 1 hit, 0 errors, 1 left on base; St. Louis 1 - Cincinnati 3
Sunday, April 14th , 2024 - OOTP Baseball 24.11 Build 85